 Dungeon Crawl Stone Soup version 0.28-a0-1382-g92835e5c71 (webtiles) character file.

Game seed: 6351741676233808193

2173 KyoPewz the Covert (level 9, -12/34 HPs)
             Began as a Felid Enchanter on Jan 1, 2022.
             Was an Elder of Kikubaaqudgha.
             Mangled by an orc knight (30 damage)
             ... in a bailey on Jan 2, 2022.
             The game lasted 00:53:11 (12591 turns).

KyoPewz the Covert (Felid Enchanter)               Turns: 12591, Time: 00:53:12

Health: -12/34     AC:  2    Str: 16    XL:     9   Next: 11%
Magic:  12/17      EV: 18    Int: 20    God:    Kikubaaqudgha [****..]
Gold:   456        SH:  0    Dex: 19    Spells: 0/18 levels left
                                        Lives:  0   Deaths: 2

rFire   . . .      SeeInvis +     - Unarmed
rCold   . . .      Faith    .   (shield unavailable)
rNeg    + . .      Spirit   .   (armour unavailable)
rPois   .          Reflect  .   (helmet unavailable)
rElec   .          Harm     .   (cloak unavailable)
rCorr   .          Rampage  .   (gloves unavailable)
Will    +....                   (boots unavailable)
Stlth   ++++++....              r - amulet of magic regeneration {@e2}
HPRegen 0.11/turn               g - +6 ring of strength
MPRegen 0.55/turn               k - ring "Nahuo" {rN+ Str+4 Int+2 Dex+2 Stlth+}

@: quick
A: very small, claws 1, fangs 3, see invisible, speed 1, shaggy fur 2, stealthy
paws, no weapons or thrown items, no armour, multi-lived
a: Renounce Religion, Receive Corpses


You were in a bailey.
You worshipped Kikubaaqudgha.
Kikubaaqudgha was greatly pleased with you.
You visited 1 branch of the dungeon, and saw 8 of its levels.
You also visited: Sewer and Bailey.

You collected 456 gold pieces.


Innate Abilities, Weirdness & Mutations

You have sharp claws.
You have razor-sharp teeth.
You have supernaturally acute eyesight. (SInv)
You cover ground quickly. (Speed+)
You are covered in thick fur. (AC +2)
Your paws help you pounce on unaware monsters.
You are incapable of wielding weapons or throwing items.
You cannot wear armour.
You gain extra lives every three experience levels.


   Skills:
 + Level 3.2 Dodging
 - Level 10.0 Stealth
 - Level 5.6 Unarmed Combat
 - Level 5.0 Spellcasting
 - Level 9.0 Hexes
 - Level 9.0 Necromancy
 - Level 4.0 Ice Magic


You couldn't memorise any spells.
You knew the following spells:

 Your Spells              Type           Power      Damage    Failure   Level
a - Pain                  Necr           100%       1d9       1%          1
b - Ensorcelled Hibernat  Hex/Ice        62%        N/A       1%          2
c - Animate Skeleton      Necr           82%        N/A       1%          1
d - Tukima's Dance        Hex            41%        N/A       1%          3
e - Dispel Undead         Necr           41%        3d16      2%          4
f - Vampiric Draining     Necr           41%        2d8       1%          3
g - Animate Dead          Necr           20%        N/A       2%          4

Your spell library contained the following spells:

 Spells                   Type           Power      Damage    Failure   Level
 Sublimation of Blood     Necr           41%        N/A       1%          2
 Confusing Touch          Hex            41%        N/A       1%          3
 Freeze                   Ice            84%        1d10      2%          1
 Dazzling Flash           Conj/Hex       46%        N/A       5%          3
 Inner Flame              Hex/Fire       23%        N/A       5%          3
 Summon Guardian Golem    Hex/Summ       23%        N/A       5%          3
 Summon Small Mammal      Summ           20%        N/A       12%         1
 Call Canine Familiar     Summ           5%         N/A       34%         3
 Death Channel            Necr           20%        N/A       41%         6
 Borgnjor's Vile Clutch   Necr/Erth      11%        N/A       45%         5
 Yara's Violent Unravell  Hex/Tmut       11%        3d6       45%         5
 Simulacrum               Ice/Necr       15%        N/A       77%         6
 Enfeeble                 Hex            20%        N/A       94%         7

Inventory:

Jewellery
 g - a +6 ring of strength (left paw)
   (You found it on level 2 of the Dungeon)
 k - the ring "Nahuo" (right paw) {rN+ Str+4 Int+2 Dex+2 Stlth+}
   (You found it in a sewer)

   [ring of positive energy]

   Str:       It affects your strength (+4).
   Int:       It affects your intelligence (+2).
   Dex:       It affects your dexterity (+2).
   rN:        It protects you from negative energy.
   Stlth:     It makes you more stealthy.
 r - an amulet of magic regeneration (around neck) {@e2}
   (You found it on level 5 of the Dungeon)
 v - a ring of protection from fire
   (You found it on level 8 of the Dungeon)
Wands
 j - a wand of flame (2)
   (You took it off Sigmund on level 2 of the Dungeon)
 n - a wand of paralysis (9)
   (You took it off Ijyb on level 4 of the Dungeon)
 o - a wand of digging (5)
   (You found it on level 7 of the Dungeon)
Scrolls
 d - a scroll of immolation {!r!r}
 e - a scroll of blinking {!r}
 f - a scroll of teleportation {@r4}
 m - a scroll of vulnerability {unknown}
 p - a scroll of magic mapping {unknown}
 s - 2 scrolls of fear
 u - a scroll of enchant armour {unknown}
Potions
 a - a potion of invisibility
 b - 2 potions of flight
 c - 2 potions of lignification {!q}
 h - a potion of resistance {unknown}
 i - 2 potions of haste {@q3}
 l - 6 potions of curing {@q1}
 q - 3 potions of mutation {!q}
 t - 2 potions of heal wounds {@q2}

Dungeon Overview and Level Annotations

Branches:
Dungeon (8/15)             Temple (0/1) D:4           Sewer (visited)
 Bailey (1/1)
   Lair: D:8-11

Altars:
Kikubaaqudgha
Beogh

Shops:
D:8

( #≈≈≈≈≈≈.# ....#####''
#≈≈≈≈≈≈.#########....##...o.
#≈≈≈≈≈≈.#..8.8..#)...##..g[.
#≈≈≈≈≈≈∩)..o.3.)[._..##..)o.
#≈≈≈≈≈≈)#..838..#....##..)..
#≈≈≈≈≈≈[#########....##.....
#≈≈≈≈≈≈.#..#.Z..#....#####''
#≈≈≈≈≈≈[#))#o#..#....#...o.[
#≈≈≈≈≈≈.#))@.#..Z....#......
#≈≈≈≈≈#.##############...###
#≈≈≈≈≈#....#....)†g8o8.8.#
#≈≈≈≈≈#..3.'....)#o)o.o..#
#≈≈≈≈≈#'#..###############
#≈≈≈≈ #[#..'......... #≈≈≈
######≈≈≈≈≈≈≈≈≈ ≈≈≈≈≈≈≈≈≈≈≈
≈≈≈≈≈≈≈≈≈≈≈≈≈


You could see an orc knight (ally target) and a friendly orc high priest zombie.


Message History

Anything else - Cancel.
Gang up on whom?
Press: ? - help, Dir - move target, f - you
Okay, then.
Unknown command. 😨 HP[+1]
What are your orders? t - Meow!
Orders for allies: a - Attack new target. r - Retreat! s - Stop attacking. g - Guard the area. f - Follow me.
Anything else - Cancel.
Gang up on whom?
Press: ? - help, Dir - move target
Okay, then.
Unknown command.
What are your orders? t - Meow!
Orders for allies: a - Attack new target. r - Retreat! s - Stop attacking. g - Guard the area. f - Follow me.
Anything else - Cancel.
Retreat in which direction?
Press: ? - help, Dir - move target Fall back! 😨 MP[+1]
The orc knight barely misses your gnoll zombie.
The orc knight hits your orc high priest zombie with a +0 war axe.
What are your orders? t - Meow!
Orders for allies: a - Attack new target. r - Retreat! s - Stop attacking. g - Guard the area. f - Follow me.
Anything else - Cancel.
Gang up on whom?
Press: ? - help, Dir - move target, f - orc knight
Aim: an orc knight, wielding a +0 war axe and wearing a +0 ring mail Attack!
Your orc high priest zombie hits the orc knight but does no damage.
Your gnoll zombie hits the orc knight but does no damage.
The orc knight barely misses your gnoll zombie.
The orc knight completely misses your orc high priest zombie. 😨 MP[+1]
The orc knight hits your gnoll zombie with a +0 war axe!!
Your gnoll zombie is destroyed!
The orc knight closely misses your orc high priest zombie.
Casting: Animate Dead (dangerous; 2% risk of failure)
Confirm with . or Enter, or press ? or * to list all spells.
Okay, then.
Your orc high priest zombie closely misses the orc knight.
The orc knight hits your gnoll zombie with a +0 war axe!!
Your gnoll zombie is destroyed!
The orc knight hits your orc high priest zombie with a +0 war axe! 😨 MP[+1]
Casting: Animate Dead (dangerous; 2% risk of failure)
Confirm with . or Enter, or press ? or * to list all spells.
Aiming: Ensorcelled Hibernation (safe; 1% risk of failure)
Press: ? - help, Shift-Dir - straight line, f/p - orc knight
Aim: an orc knight, wielding a +0 war axe and wearing a +0 ring mail (ally target, chance to affect: 43%)
The orc knight resists with some effort.
Your orc high priest zombie hits the orc knight with a +0 war axe {axe}. 😨 MP[-2]
You lost 2 mp, and now have 12/17 mp.
Your orc high priest zombie hits the orc knight with a +0 war axe {axe}. 😨 MP[+1]
Casting: Ensorcelled Hibernation (safe; 1% risk of failure)
Confirm with . or Enter, or press ? or * to list all spells.
Aiming: Ensorcelled Hibernation (safe; 1% risk of failure)
Press: ? - help, Shift-Dir - straight line, f/p - orc knight
Aim: an orc knight, wielding a +0 war axe and wearing a +0 ring mail (lightly wounded, ally target, chance to affect: 43%)
The orc knight resists with some effort. 😨 MP[-2]
You lost 2 mp, and now have 11/17 mp.
There is an open door here. 😨 MP[+1]
Casting: Ensorcelled Hibernation (safe; 1% risk of failure)
Confirm with . or Enter, or press ? or * to list all spells.
Aiming: Ensorcelled Hibernation (safe; 1% risk of failure)
Press: ? - help, Shift-Dir - straight line, f/p - orc knight
Aim: an orc knight, wielding a +0 war axe and wearing a +0 ring mail (lightly wounded, ally target, chance to affect: 43%)
Okay, then.
Unknown command. 😮 HP[+1]
There is an open door here.
Things that are here:
a +0 war axe {axe}; a +0 chain mail; 😮 MP[+1]
Casting: Ensorcelled Hibernation (safe; 1% risk of failure)
Confirm with . or Enter, or press ? or * to list all spells.
Aiming: Ensorcelled Hibernation (safe; 1% risk of failure)
Press: ? - help, Shift-Dir - straight line, f/p - orc knight
Aim: an orc knight, wielding a +0 war axe and wearing a +0 ring mail (lightly wounded, ally target, chance to affect: 43%)
The orc knight looks drowsy... 😮 MP[-2]
You lost 2 mp, and now have 11/17 mp.
You pounce on the unaware helpless orc knight!
You eviscerate the orc knight!!! You bite the orc knight.
The orc knight hits you with a +0 war axe!!
Ouch! That really hurt!
You die...
Kikubaaqudgha rasps: "You have failed me!
Welcome... death!"

Skill      XL: |  1  2  3  4  5  6  7  8  9 |
---------------+----------------------------+-----
Unarmed Combat | 2 3 4 5 |  5.6
Necromancy     | 1 2 3 7 9 |  9.0
Ice Magic      | 1 2 3 4 |  4.0
Stealth        | 5 6 8 9 10 | 10.0
Hexes          | 5 6 7 9 |  9.0
Spellcasting   | 5 4 |  5.0
Dodging        | 3 |  3.2

Action                   |  1- 3 |  4- 6 |  7- 9 || total
-------------------------+-------+-------+-------++-------
Melee: Unarmed           |    82 |    75 |   197 ||   354
       Bite              |     9 |     8 |    16 ||    33
       Punch             |       |     1 |     1 ||     2
 Cast: Pain              |    11 |     1 |     5 ||    17
       Ensorcelled Hiber |     4 |    34 |   111 ||   149
       Tukima's Dance    |       |       |    23 ||    23
       Dispel Undead     |       |       |    17 ||    17
       Animate Skeleton  |       |       |    19 ||    19
       Vampiric Draining |       |       |     3 ||     3
       Animate Dead      |       |       |     1 ||     1
Invok: Receive Corpses   |       |       |     1 ||     1
Evoke: Wand              |       |       |     2 ||     2
  Use: Scroll            |       |     7 |     5 ||    12
 Stab: Sleeping          |    11 |    32 |    84 ||   127
       Distracted        |       |       |     1 ||     1
Armor: Skin              |     3 |     5 |    11 ||    19
Dodge: Dodged            |    57 |    53 |   150 ||   260

Levels and vault maps discovered:
D:1:      dpeg_arrival_pits, layout_rooms, dreamdust_ecumenical_altar_grove
D:2:      layout_loops_cross, uniq_sigmund, uniq_terence
D:3:      layout_basic, portal_sewer_entry_e, grunt_ministairs_8,
          nicolae_concentric_dashed_squares_mild
D:4:      layout_rooms, minmay_temple_entry_gardened_gates,
          minmay_misc_feat_more_columns, uniq_ijyb, uniq_natasha
D:5:      layout_loops_corners, biasface_ghost_orc_armoury, minmay_between
D:6:      layout_rooms, kennysheep_generic_room_16
D:7:      layout_loops_ring, hex_medium, kennysheep_cross_room,
          grunt_ministairs_14
D:8:      layout_rooms, mainiacjoe_overflow_tiny_flanked, erik_lair_dragon,
          serial_shops, kennysheep_mini, shop, nicolae_shop_hallway_plus,
          nicolae_shop_crystal, shop, enter_bailey_3
Bailey:   bailey_axe_of_yendor_kennysheep, bailey

Notes
Turn   | Place    | Note
-------+----------+-------------------------------------------
     0 | D:1      | KyoPewz the Felid Enchanter began the quest for the Orb.
     0 | D:1      | Reached XP level 1. HP: 7/7 MP: 4/4
     0 | D:1      | magus.rc [v1.9.6]
    36 | D:1      | HP: 1/7 [hobgoblin (5)]
   405 | D:1      | Found a faded altar of an unknown god.
   434 | D:1      | Reached skill level 2 in Unarmed Combat
   487 | D:1      | Prayed at the altar of an unknown god.
   487 | D:1      | Became a worshipper of Kikubaaqudgha
   487 | D:1      | Reached * piety under Kikubaaqudgha
   487 | D:1      | You add the spells Pain, Sublimation of Blood, Animate
                  | Skeleton and Vampiric Draining to your library.
   487 | D:1      | Received a gift from Kikubaaqudgha
   492 | D:1      | Reached XP level 2. HP: 11/11 MP: 6/6
   758 | D:1      | Learned a level 1 spell: Pain
   761 | D:1      | Learned a level 2 spell: Ensorcelled Hibernation
   763 | D:1      | Learned a level 1 spell: Animate Skeleton
  1555 | D:2      | Reached XP level 3. HP: 14/14 MP: 7/7
  2149 | D:2      | Noticed Terence
  2161 | D:2      | Killed Terence
  2162 | D:2      | Reached skill level 1 in Necromancy
  2162 | D:2      | Reached skill level 1 in Ice Magic
  2247 | D:2      | Noticed Sigmund
  2274 | D:2      | Reached XP level 4. HP: 18/18 MP: 8/8
  2795 | D:2      | Killed Sigmund
  2796 | D:2      | Reached skill level 5 in Stealth
  2796 | D:2      | Reached skill level 3 in Unarmed Combat
  2796 | D:2      | Reached skill level 5 in Hexes
  2796 | D:2      | Reached skill level 2 in Necromancy
  2796 | D:2      | Reached XP level 5. HP: 21/21 MP: 4/9
  2914 | D:3      | Reached skill level 2 in Ice Magic
  3048 | D:3      | Reached ** piety under Kikubaaqudgha
  3214 | D:3      | Gained mutation: You are covered in thick fur. (AC +2)
                  | [Felid growth]
  3214 | D:3      | Reached XP level 6. HP: 21/24 MP: 10/10
  3315 | D:3      | You add the spells Freeze and Inner Flame to your library.
  3315 | D:3      | Got Entia's Catalogue of the Freezing Volcanoes
  3542 | D:3      | Found a glowing drain.
  3547 | Sewer    | Entered a sewer
  3577 | Sewer    | Noticed a water moccasin
  3586 | Sewer    | Killed a water moccasin
  3587 | Sewer    | Reached skill level 6 in Stealth
  3688 | Sewer    | Identified the ring "Nahuo" {rN+ Str+4 Int+2 Dex+2 Stlth+}
  4118 | D:3      | Reached skill level 6 in Hexes
  4120 | D:3      | HP: 4/24 [orc (3)]
  4788 | D:3      | Reached skill level 4 in Unarmed Combat
  4788 | D:3      | Reached skill level 3 in Necromancy
  5049 | D:4      | Noticed Natasha
  5058 | D:4      | Found a staircase to the Ecumenical Temple.
  5067 | D:4      | Reached XP level 7. HP: 27/27 MP: 8/11
  5075 | D:4      | Killed Natasha
  5085 | D:4      | Identified the +3 leather armour of Uzidd {Will+ Slay+3}
  5086 | D:4      | Noticed Natasha
  5105 | D:4      | Killed Natasha
  5331 | D:4      | Learned a level 3 spell: Tukima's Dance
  5335 | D:4      | Noticed Ijyb
  5341 | D:4      | Killed Ijyb
  5412 | D:4      | You pick up a book of Misfortune and begin reading...
  5412 | D:4      | You add the spells Yara's Violent Unravelling and Enfeeble
                  | to your library.
  5480 | D:4      | Reached skill level 7 in Stealth
  5659 | D:4      | Noticed Natasha
  5665 | D:4      | Killed Natasha
  5913 | D:4      | You pick up a book of Callings and begin reading...
  5913 | D:4      | You add the spells Summon Small Mammal, Call Canine
                  | Familiar and Summon Guardian Golem to your library.
  5975 | D:5      | Entered Level 5 of the Dungeon
  5984 | D:5      | Reached *** piety under Kikubaaqudgha
  5984 | D:5      | You add the spells Animate Dead, Borgnjor's Vile Clutch,
                  | Death Channel, Simulacrum and Dispel Undead to your
                  | library.
  5984 | D:5      | Received a gift from Kikubaaqudgha
  6056 | D:5      | Reached skill level 5 in Unarmed Combat
  6147 | D:5      | Reached skill level 8 in Stealth
  6147 | D:5      | Reached skill level 7 in Hexes
  6255 | D:5      | Reached XP level 8. HP: 22/31 MP: 4/12
  6526 | D:5      | Reached skill level 8 in Hexes
  6658 | D:5      | HP: 5/31 [killer bee zombie (7)]
  7234 | D:5      | HP: 7/31 [bullfrog zombie (5)]
  7258 | D:5      | HP: 6/31 [bullfrog zombie (3)]
  7275 | D:5      | HP: 5/31 [bullfrog zombie (3)]
  7310 | D:5      | HP: 4/31 [bullfrog zombie (3)]
  7328 | D:5      | HP: 1/31 [bullfrog zombie (5)]
  7395 | D:5      | HP: 1/31 [bullfrog zombie (5)]
  7756 | D:4      | Learned a level 4 spell: Dispel Undead
  7824 | D:6      | Reached skill level 9 in Hexes
  7832 | D:6      | Reached skill level 4 in Necromancy
  8119 | D:5      | Reached skill level 5 in Necromancy
  8181 | D:5      | Reached skill level 6 in Necromancy
  8505 | D:5      | Found a runed translucent gate.
  8505 | D:5      | Found a runed translucent gate.
  8505 | D:5      | Found a runed translucent gate.
  8508 | D:5      | Noticed Deminshera's ghost (novice KoBr)
  8989 | D:5      | Killed Deminshera's ghost
  8990 | D:5      | Reached skill level 7 in Necromancy
  8990 | D:5      | Reached XP level 9. HP: 19/34 MP: 0/13
  9542 | D:6      | Reached **** piety under Kikubaaqudgha
  9812 | D:7      | Reached skill level 8 in Necromancy
 10297 | D:7      | Slain by a wyvern
 10298 | D:7      | Reached XP level 8. HP: 0/31 MP: 10/12
 10350 | D:7      | HP: 2/31 [wight (7)]
 10826 | D:7      | Reached skill level 3 in Spellcasting
 10826 | D:7      | Reached skill level 3 in Ice Magic
 11338 | D:8      | Found Heocs's Weapon Boutique.
 11353 | D:8      | Reached skill level 9 in Stealth
 11400 | D:8      | Reached XP level 9. HP: 27/34 MP: 15/15
 11570 | D:8      | Found a flagged portal.
 11688 | Bailey   | Entered a bailey
 11718 | Bailey   | Noticed an orc knight
 11733 | Bailey   | HP: 8/34 [orc knight (16)]
 11744 | Bailey   | HP: 6/34 [hobgoblin (3)]
 11770 | Bailey   | Killed an orc knight
 11771 | Bailey   | Reached skill level 10 in Stealth
 11771 | Bailey   | Reached skill level 4 in Spellcasting
 11771 | Bailey   | Reached skill level 4 in Ice Magic
 12051 | Bailey   | Learned a level 3 spell: Vampiric Draining
 12115 | Bailey   | Noticed a kobold demonologist
 12121 | Bailey   | Killed a kobold demonologist
 12136 | Bailey   | Found an iron altar of Okawaru.
 12136 | Bailey   | Noticed an orc high priest
 12142 | Bailey   | Noticed a sixfirhy
 12143 | Bailey   | HP: 8/34 [sixfirhy[an orc high priest] (11)]
 12401 | Bailey   | Noticed an orc knight
 12454 | Bailey   | Slain by an orc knight
 12455 | Bailey   | Reached XP level 8. HP: -1/31 MP: 4/15
 12464 | Bailey   | Noticed an orange demon
 12466 | Bailey   | Noticed a red devil
 12468 | Bailey   | Killed an orc high priest
 12469 | Bailey   | Reached skill level 5 in Spellcasting
 12469 | Bailey   | Reached XP level 9. HP: 20/34 MP: 5/17
 12473 | Bailey   | HP: 6/34 [orc warrior (14)]
 12481 | Bailey   | Reached skill level 9 in Necromancy
 12481 | Bailey   | Reached skill level 3 in Dodging
 12486 | Bailey   | Learned a level 4 spell: Animate Dead
 12591 | Bailey   | Mangled by an orc knight

Vanquished Creatures
  An orc high priest (Bailey)
  An orc knight (Bailey)
  A kobold demonologist (Bailey)
  The ghost of Deminshera the Sneak, a novice KoBr (D:5)
  A wraith (D:6)
  Sigmund (D:2)
  A wyvern (D:7)
  2 water moccasins
  A black bear (D:5)
  A sky beast (D:7)
  4 orc warriors (Bailey)
  3 ogres
  A phantom (D:5)
  A bullfrog (D:8)
  4 scorpions
  A water moccasin zombie (D:5)
  An electric eel (D:7)
  4 wights (D:7)
  A howler monkey (D:8)
  3 bullfrog zombies
  A centaur skeleton (D:7)
  8 orc priests
  2 gnoll shamans (D:5)
  5 hounds
  A jelly (D:5)
  A bullfrog skeleton (D:7)
  Ijyb (D:4)
  Natasha (thrice) (D:4)
  Terence (D:2)
  2 iguanas
  2 orc wizards
  2 killer bee zombies
  A hound skeleton (D:5)
  9 gnolls
  A howler monkey skeleton (D:6)
  9 adders
  A river rat (D:3)
  A shadow imp (D:5)
  3 white imps
  A worm (D:5)
  3 dart slugs
  32 orcs
  9 bats
  5 endoplasms
  A giant cockroach (D:2)
  15 goblins
  10 hobgoblins
  11 jackals
  2 quokkas
  8 ball pythons
  5 frilled lizards
  4 kobolds
  11 rats
205 creatures vanquished.

Vanquished Creatures (collateral kills)
  An orc (Bailey)
  A hobgoblin (Bailey)
2 creatures vanquished.

Vanquished Creatures (others)
  5 dancing weapons
  2 fungi (D:1)
  2 plants (D:4)
9 creatures vanquished.

Grand Total: 216 creatures vanquished

Table legend:
 A = Non-vault XP
 B = Vault XP
 C = Vault XP percentage of total XP
 D = Non-vault monster count
 E = Vault monster count
 F = Vault count percentage of total count
                 A         B        C        D         E       F
            +---------+---------+-------+---------+---------+-------
      Total |    3204 |    3824 |  54.4 |     138 |      69 |  33.3
            +---------+---------+-------+---------+---------+-------
        D:1 |      37 |       0 |   0.0 |      21 |       0 |   0.0
        D:2 |      54 |     248 |  82.1 |      20 |       2 |   9.1
        D:3 |     202 |      34 |  14.4 |      22 |       9 |  29.0
        D:4 |     194 |      72 |  27.1 |      20 |       2 |   9.1
        D:5 |    1112 |     630 |  36.2 |      30 |      15 |  33.3
        D:6 |     671 |      23 |   3.3 |       9 |       2 |  18.2
        D:7 |     635 |     281 |  30.7 |      12 |       9 |  42.9
        D:8 |     299 |       8 |   2.6 |       4 |       4 |  50.0
      Sewer |       0 |     150 | 100.0 |       0 |       5 | 100.0
     Bailey |       0 |    2378 | 100.0 |       0 |      21 | 100.0
            +---------+---------+-------+---------+---------+-------

Illustrated notes

Table legend:
 A = Kills in this place as a percentage of kills in entire the game.
 B = Kills by you in this place as a percentage of kills by you in the entire game.
 C = Kills by friends in this place as a percentage of kills by friends in the entire game.
 D = Other kills in this place as a percentage of other kills in the entire game.
 E = Experience gained in this place as a percentage of experience gained in the entire game.
 F = Experience gained in this place divided by the number of levels of this place that you have seen.
                   A       B       C       D       E      F
               +-------+-------+-------+-------+-------+----------------------
         Total | 100.0 | 100.0 | 100.0 |   N/A | 100.0 | 702.8
       Dungeon |  87.4 |  88.3 |   0.0 |   N/A |  64.0 | 562.5
         Sewer |   2.4 |   2.4 |   0.0 |   N/A |   2.1 | 150.0
        Bailey |  10.1 |   9.3 | 100.0 |   N/A |  33.8 | 2378.0
               +-------+-------+-------+-------+-------+----------------------

Table legend: (Time is in decaauts)
 A = Elapsed time spent in this place.
 B = Non-inter-level travel time spent in this place.
 C = Inter-level travel time spent in this place.
 D = Time resting spent in this place.
 E = Time spent auto-exploring this place.
 F = Levels seen in this place.
 G = Mean time per level.
                   A        B        C        D        E       F      G
               +--------+--------+--------+--------+--------+-----+--------+
         Total |  11368 |  11066 |    302 |   4700 |   3600 |  10 | 1136.8 |
       Dungeon |  10364 |  10062 |    302 |   4101 |   3569 |   8 | 1295.5 |
         Sewer |    147 |    147 |      0 |     69 |      0 |   1 |  147.0 |
        Bailey |    856 |    856 |      0 |    529 |     31 |   1 |  856.0 |
               +--------+--------+--------+--------+--------+-----+--------+

Top non-repeatable levels by time:
     D:5: 2759 daAuts
     D:3: 1622 daAuts
     D:2: 1491 daAuts
     D:1: 1368 daAuts
     D:7: 1359 daAuts
  Bailey: 856 daAuts
     D:4: 783 daAuts
     D:6: 634 daAuts
     D:8: 344 daAuts
   Sewer: 147 daAuts
